 Dungeon Crawl Stone Soup version 0.23.1 (webtiles) character file.

Game seed: 11194857183842522669

298 Folque the Digger (level 6, -1/51 HPs)
             Began as a Draconian Earth Elementalist on Mar 17, 2019.
             Slain by a howler monkey (6 damage)
             ... on level 4 of the Dungeon.
             The game lasted 00:12:24 (3085 turns).

Folque the Digger (Draconian Earth Elementalist)    Turns: 3085, Time: 00:12:24

Health: -1/51      AC:  6    Str: 10    XL:     6   Next: 13%
Magic:  2/12       EV: 12    Int: 18    God:
Gold:   161        SH:  0    Dex: 11    Spells: 2/13 levels left

rFire    . . .     SeeInvis .   l - +1 dagger (venom)
rCold    . . .     Gourm    .   (no shield)
rNeg     . . .     Faith    .   (armour unavailable)
rPois    .         Spirit   .   (helmet restricted)
rElec    .         Reflect  .   (no cloak)
rCorr    .         Harm     .   (no gloves)
MR       .....                  (no boots)
Stlth    ++........             (no amulet)
HPRegen  0.17/turn              (no ring)
MPRegen  0.13/turn              (no ring)

@: lethally poisoned (-1 -> -4), berserk cooldown, flying, very slightly
contaminated, hasted and slowed
A: unfitting armour, cold-blooded, AC +6
a: no special abilities


You were on level 4 of the Dungeon.
You were not hungry.

You visited 1 branch of the dungeon, and saw 4 of its levels.

You collected 161 gold pieces.

Inventory:

Hand Weapons
 e - a +0 dagger
 i - a +0 vampiric dagger
 l - a +1 dagger of venom (weapon)
 q - a +0 falchion of holy wrath
Missiles
 b - 160 stones (quivered)
Jewellery
 k - an uncursed amulet of magic regeneration {unknown}
Wands
 p - a wand of random effects (22)
Scrolls
 d - 2 scrolls of identify {unknown}
 f - a scroll of magic mapping
 j - a scroll of random uselessness {unknown}
 n - 2 scrolls of teleportation {unknown}
Potions
 a - a potion of lignification {unknown}
Comestibles
 c - 7 rations
 g - 4 chunks of flesh


   Skills:
 - Level 3.0 Fighting
 - Level 1.7 Dodging
 - Level 1.7 Stealth
 * Level 4.0 Spellcasting
 - Level 1.5 Conjurations
 - Level 1.0 Transmutations
 + Level 4.4 Earth Magic


You had 2 spell levels left.
You knew the following spells:

 Your Spells              Type           Power        Failure   Level  Hunger
a - Sandblast             Erth           ###...       2%          1    None
b - Passwall              Tmut/Erth      ##......     8%          2    ##.....
c - Stone Arrow           Conj/Erth      ##....       13%         3    ###....
d - Lee's Rapid Deconstr  Erth           ###.......   54%         5    ######.

Your spell library contained the following spells:

 Spells                   Type           Power        Failure   Level  Hunger
 Petrify                  Tmut/Erth      ##......     43%         4    ####...


Dungeon Overview and Level Annotations

Branches:
Dungeon (4/15)
 Temple: D:4-7

Altars:
Xom

Annotations:
D:3 1 runed translucent door, grocchini's ghost, amateur FoAK


Innate Abilities, Weirdness & Mutations

Your plain brown scales are hard. (AC +6)
You cannot fit into any form of body armour.
You are cold-blooded and may be slowed by cold attacks.


Message History

You puncture the worker ant!
You kill the worker ant!
Your Spellcasting skill increases to level 4!
You feel sick.
You see here a ball python corpse.
You butcher the ball python corpse.
You feel a strong urge to attack something.
g - 4 chunks of flesh You see here a ball python skeleton.
You feel sick.
You are no longer berserk.
You are exhausted.
You feel yourself slow down.
You feel sick.
An ogre comes into view. It is wielding a +0 giant club.
You feel sick.
A howler monkey comes into view.
The howler monkey howls!
You hear an angry hiss.
The howler monkey hits you.
You die...

#........# #........#
#......# ## #....<.#
##..### ###....# ##...
$.. ..$#....#
##....###.###.###....#
#.......#.h.O.#...#.###
+.......###@###.........
#.........#.#.....#.###.
#......รท.#.#...#.#.#
##.....#.....#.#.#.#
##...########.#.# ##+#
#.... ###.# . #


You could see an ogre and a howler monkey.

Vanquished Creatures
  A phantom (D:2)
  2 worker ants (D:4)
  Terence (D:3)
  Robin (D:3)
  4 gnolls (D:3)
  An ooze (D:2)
  A worm (D:3)
  2 dart slugs
  3 leopard geckos
  2 orcs (D:3)
  9 bats
  8 giant cockroaches
  12 goblins
  8 hobgoblins
  2 quokkas (D:2)
  5 ball pythons
  5 frilled lizards
  8 kobolds
  8 rats
83 creatures vanquished.

Notes
Turn   | Place    | Note
-------+----------+-------------------------------------------
     0 | D:1      | Folque the Draconian Earth Elementalist began the quest for
                  | the Orb.
     0 | D:1      | Reached XP level 1. HP: 14/14 MP: 3/3
    80 | D:1      | Reached XP level 2. HP: 16/22 MP: 1/5
   137 | D:1      | Learned a level 2 spell: Passwall
   158 | D:1      | Reached skill level 1 in Fighting
   977 | D:2      | Noticed a phantom
  1373 | D:2      | Reached XP level 3. HP: 28/28 MP: 3/6
  1386 | D:2      | Learned a level 3 spell: Stone Arrow
  1654 | D:2      | Killed a phantom
  1654 | D:2      | Reached XP level 4. HP: 8/37 MP: 0/8
  2125 | D:3      | Reached XP level 5. HP: 43/45 MP: 7/9
  2326 | D:3      | Reached skill level 1 in Conjurations
  2343 | D:3      | Found a runed translucent door.
  2347 | D:3      | Noticed grocchini's ghost (amateur FoAK)
  2570 | D:3      | Noticed Terence
  2593 | D:3      | Killed Terence
  2619 | D:3      | Noticed Robin
  2631 | D:3      | Killed Robin
  2950 | D:3      | Found a shimmering altar of Xom.
  3042 | D:4      | Reached XP level 6. HP: 25/51 MP: 2/11
  3049 | D:4      | Learned a level 5 spell: Lee's Rapid Deconstruction
  3085 | D:4      | Slain by a howler monkey

Skill      XL: |  1  2  3  4  5  6 |
---------------+-------------------+-----
Fighting       | 1 2 3 |  3.0
Spellcasting   | 3 4 |  4.0
Conjurations   | 1 |  1.5
Earth Magic    | 4 |  4.4
Dodging        | |  1.7
Stealth        | |  1.7
Transmutations | |  1.0

Action                   |  1- 3 |  4- 6 || total
-------------------------+-------+-------++-------
Melee: Dagger            |    87 |   124 ||   211
       Tailslap          |     6 |     9 ||    15
 Cast: Sandblast         |    19 |    14 ||    33
       Stone Arrow       |     1 |     5 ||     6
  Use: Potion            |       |     5 ||     5
       Scroll            |       |     1 ||     1
 Stab: Sleeping          |     6 |     7 ||    13
  Eat: Chunk             |     2 |     6 ||     8
Armor: Skin              |    26 |    36 ||    62
Dodge: Dodged            |    58 |    73 ||   131
